[Event "Titled Tuesday Blitz July 18 Early 2023"]
[White "Skvortsov, Andrei"]
[Black "luksona14"]
[WhiteFideId "24108600"]
[WhiteElo "2754"]
[BlackElo "2418"]
[Result "1-0"]
[Round "1"]
[TimeControl "180+2"]
[Date "2023.07.18"]
[WhiteClock "0:01:41"]
[BlackClock "0:01:33"]
[Board "76"]

1. e4 c5 2. d4 cxd4 3. Qxd4 Nc6 4. Qd3 g6 5. Nc3 Bg7 6. Nf3 d6 7. Be2 Nf6 8. O-O O-O 9. Nd5 Bg4 10. c3 Bxf3 11. Qxf3 Ne5 12. Qe3 Nxd5 13. exd5 Qc7 14. a4 Bf6 15. Qe4 Rac8 16. Qb4 b6 17. a5 bxa5 18. Qxa5 Qxa5 19. Rxa5 Rc7 20. Be3 Rb8 21. Ra2 Rcb7 22. b4 Nd7 23. Bd2 Rc8 24. Ba6 Rcc7 25. Bxb7 Rxb7 26. Be3 Bxc3 27. Rxa7 Rxa7 28. Bxa7 Bxb4 29. Rb1 Ba3 30. Rb7 Nf6 31. Bd4 Kf8 32. Bxf6 exf6 33. g4 Bc5 34. Kg2 Kg7 35. f3 f5 36. gxf5 gxf5 37. Kg3 Kf6 38. Rb8 Bd4 39. f4 Bc5 40. Ra8 Bb4 41. Kh4 Be1+ 42. Kh5 Bd2 43. Ra4 Kg7 44. Kg5 Be3 45. Kxf5 Bg1 46. Ra6 Bc5 47. Rc6 Bb4 48. Rc2 Ba3 49. Rg2+ Kf8 50. Kg5 Bc1 51. Rg4 Kg7 52. Kf5+ Kf8 53. Ke4 Bb2 54. Kd3 Ke7 55. Rh4 Bc1 56. Ke4 1-0


[Site "https://www.chess.com"]

[Event "Titled Tuesday Blitz July 18 Early 2023"]
[White "Todorovic, Bojan"]
[Black "Mikhailovsky, Vladimir"]
[WhiteFideId "917087"]
[BlackFideId "34105414"]
[WhiteElo "2417"]
[BlackElo "2754"]
[Result "1-0"]
[Round "1"]
[TimeControl "180+2"]
[Date "2023.07.18"]
[WhiteClock "0:00:15"]
[BlackClock "0:00:00"]
[Board "77"]

1. d4 d5 2. c4 e6 3. Nc3 c5 4. cxd5 cxd4 5. Qa4+ Bd7 6. Qxd4 exd5 7. Qxd5 Nf6 8. Qd1 Nc6 9. Nf3 Bb4 10. e3 Qe7 11. Be2 O-O-O 12. Qc2 g5 13. O-O g4 14. Nd4 Nxd4 15. exd4 Kb8 16. Bf4+ Bd6 17. Qd2 Nh5 18. Bxd6+ Qxd6 19. Rfe1 Nf4 20. Bf1 Bc6 21. Rad1 f5 22. d5 Bd7 23. Bb5 Bc8 24. Bc4 a6 25. a4 h5 26. Qd4 Rhe8 27. b4 h4 28. Qc5 Qf6 29. Bf1 g3 30. Rxe8 Rxe8 31. d6 gxh2+ 32. Kh1 Ne6 33. Nd5 Qe5 34. Qb6 Rf8 35. f4 Qb2 36. d7 Bxd7 37. Qd6+ 1-0


[Site "https://www.chess.com"]

[Event "Titled Tuesday Blitz July 18 Early 2023"]
[White "Goltsev, Dmitry"]
[Black "Manukian, Artak"]
[WhiteFideId "24176710"]
[BlackFideId "13301373"]
[WhiteElo "2752"]
[BlackElo "2416"]
[Result "1-0"]
[Round "1"]
[TimeControl "180+2"]
[Date "2023.07.18"]
[WhiteClock "0:00:06"]
[BlackClock "0:00:09"]
[Board "78"]

1. e4 c6 2. d4 d5 3. Nc3 dxe4 4. Nxe4 Nf6 5. Nxf6+ exf6 6. Nf3 Bd6 7. Bc4 O-O 8. O-O Bg4 9. h3 Bh5 10. c3 Nd7 11. Re1 Re8 12. Be3 Qc7 13. Qb3 b5 14. Be2 Nb6 15. Rad1 Nd5 16. Bc1 Bf4 17. c4 bxc4 18. Bxc4 Bxc1 19. Rxc1 Qf4 20. Bxd5 cxd5 21. Qxd5 Rad8 22. Rxe8+ Rxe8 23. Rd1 g5 24. Qb3 Bxf3 25. Qxf3 Qxf3 26. gxf3 Re2 27. d5 Kf8 28. d6 Ke8 29. d7+ Kd8 30. Rd6 Re6 31. Rd5 Re2 32. Rd6 Re6 33. Rd5 Re2 34. Rb5 Re7 35. Rb7 Rxd7 36. Rxd7+ Kxd7 37. Kf1 f5 38. Ke2 h5 39. Kd3 Kd6 40. Kd4 f6 41. b4 Kc6 42. a4 a6 43. Kc4 g4 44. h4 gxf3 45. b5+ axb5+ 46. axb5+ Kb6 47. Kb4 Kb7 48. Kc5 Kc7 49. b6+ Kb7 50. Kb5 Kb8 51. Kc6 Kc8 52. Kd6 Kb7 53. Ke6 Kxb6 54. Kxf6 Kc5 55. Kxf5 Kd5 56. Kg5 Ke4 57. Kxh5 Kd3 58. Kg4 Ke2 59. Kg3 1-0


[Site "https://www.chess.com"]

[Event "Titled Tuesday Blitz July 18 Early 2023"]
[White "Krzywda, Andrzej"]
[Black "Sokolovsky, Yahli"]
[WhiteFideId "1114565"]
[BlackFideId "2820242"]
[WhiteElo "2416"]
[BlackElo "2749"]
[Result "0-1"]
[Round "1"]
[TimeControl "180+2"]
[Date "2023.07.18"]
[WhiteClock "0:00:00"]
[BlackClock "0:00:07"]
[Board "79"]

1. e4 d6 2. d4 Nf6 3. Nc3 g6 4. Be3 Bg7 5. Qd2 a6 6. O-O-O b5 7. f3 Bb7 8. h4 h5 9. Nh3 Nbd7 10. Ng5 Rc8 11. Kb1 O-O 12. g3 c5 13. dxc5 Nxc5 14. Bh3 b4 15. Nd5 Nxd5 16. exd5 Rb8 17. Bd4 Bh6 18. Be3 Na4 19. g4 Qa5 20. Bd4 Bxd5 21. b3 Nc3+ 22. Bxc3 bxc3 23. Qc1 Bxg5 24. hxg5 Bxf3 25. gxh5 Bxh5 26. Rde1 e6 27. Bf1 Rb4 28. Bd3 Rfb8 29. Rxh5 gxh5 30. g6 Kg7 31. gxf7 Rg4 32. Rf1 Rf8 33. Qe1 Qe5 34. Qf2 h4 35. a4 h3 36. Qf3 Rg3 37. Qh1 Qc5 38. Re1 Qa3 0-1


[Site "https://www.chess.com"]

[Event "Titled Tuesday Blitz July 18 Early 2023"]
[White "Ashraf, Artin"]
[Black "Gaal, Zsoka"]
[WhiteFideId "22514805"]
[BlackFideId "777765"]
[WhiteElo "2740"]
[BlackElo "2415"]
[Result "1/2-1/2"]
[Round "1"]
[TimeControl "180+2"]
[Date "2023.07.18"]
[WhiteClock "0:00:15"]
[BlackClock "0:00:03"]
[Board "80"]

1. f4 Nh6 2. e4 d5 3. e5 c5 4. Nf3 Nc6 5. h3 Nf5 6. Kf2 h5 7. Nc3 g6 8. g3 h4 9. g4 Ng3 10. Bb5 d4 11. Bxc6+ bxc6 12. Ne2 Nxh1+ 13. Qxh1 Be6 14. d3 Bd5 15. Qe1 Bxf3 16. Kxf3 Qd5+ 17. Kf2 c4 18. Ng1 e6 19. Nf3 Be7 20. Qe2 cxd3 21. cxd3 O-O 22. Bd2 Rab8 23. b3 a5 24. Rc1 a4 25. bxa4 Rb2 26. Rc4 Rfb8 27. Qd1 Rxa2 28. Qc1 Rbb2 29. Rxc6 Rxd2+ 30. Nxd2 Rxd2+ 31. Qxd2 Qxc6 32. a5 Qh1 33. a6 Qh2+ 34. Ke1 Qxd2+ 35. Kxd2 Bc5 36. Kc2 Kg7 37. Kb3 g5 38. Kc4 Ba7 39. fxg5 Kg6 40. Kb5 Kxg5 41. Kc6 Kf4 42. Kb7 Bc5 43. Kc6 Ba7 44. Kb7 Bc5 45. Kc6 Ba7 1/2-1/2


[Site "https://www.chess.com"]

[Event "Titled Tuesday Blitz July 18 Early 2023"]
[White "Mika, Tomasz"]
[Black "realmadridfc123"]
[WhiteFideId "1132970"]
[WhiteElo "2415"]
[BlackElo "2740"]
[Result "0-1"]
[Round "1"]
[TimeControl "180+2"]
[Date "2023.07.18"]
[WhiteClock "0:00:00"]
[BlackClock "0:00:06"]
[Board "81"]

1. d4 d5 2. Bf4 Nf6 3. Nf3 c5 4. e3 Nc6 5. Nbd2 Bg4 6. c3 e6 7. Qa4 Nd7 8. Bb5 Qb6 9. Ne5 Ndxe5 10. Bxe5 a6 11. Bxc6+ Qxc6 12. Qxc6+ bxc6 13. f3 Bf5 14. dxc5 Bxc5 15. Ke2 f6 16. Bg3 e5 17. e4 Be6 18. Bf2 Bd6 19. b4 Ke7 20. Nb3 d4 21. cxd4 Bc4+ 22. Kd1 Bxb4 23. Rc1 Bb5 24. Kc2 exd4 25. Nxd4 Ba4+ 26. Kb2 Rab8 27. Ka1 Ba3 28. Rb1 g6 29. Nb3 Rb5 30. Bd4 Rhb8 31. Rhd1 c5 32. Bc3 c4 33. Nd4 Bxd1 34. Nc6+ Kf7 35. Nxb8 Bc2 36. Rxb5 axb5 37. Nc6 Bd3 38. Nb4 Bf1 39. g3 Bg2 40. f4 Bxe4 41. Bd2 h5 42. Bc3 Ke6 43. Bd2 g5 44. fxg5 fxg5 45. Bxg5 Bxb4 0-1


[Site "https://www.chess.com"]

[Event "Titled Tuesday Blitz July 18 Early 2023"]
[White "Preotu, Razvan"]
[Black "Harriott, Tyrell"]
[WhiteFideId "2613280"]
[BlackFideId "2086484"]
[WhiteElo "2738"]
[BlackElo "2414"]
[Result "1-0"]
[Round "1"]
[TimeControl "180+2"]
[Date "2023.07.18"]
[WhiteClock "0:00:39"]
[BlackClock "0:00:49"]
[Board "82"]

1. e4 d5 2. exd5 Nf6 3. d4 Qxd5 4. c4 Qe4+ 5. Ne2 e5 6. Nc3 Bb4 7. Bd2 Bxc3 8. Bxc3 exd4 9. Qxd4 Nc6 10. Qxe4+ Nxe4 11. Bxg7 Rg8 12. Bc3 Bf5 13. Rd1 Ke7 14. Ng3 Bg6 15. Nxe4 Bxe4 16. f3 Bg6 17. Kf2 Rgd8 18. Be2 Bc2 19. Rc1 Bf5 20. Rhe1 f6 21. Bd3+ Be6 22. Bf5 Ne5 23. Bxe5 fxe5 24. Rxe5 Kf6 25. Rxe6+ Kxf5 26. Rce1 Rd2+ 27. Kf1 Rxb2 28. R1e5+ Kf4 29. g3+ Kxf3 30. Rf6+ Kg4 31. Rf4+ 1-0


[Site "https://www.chess.com"]

[Event "Titled Tuesday Blitz July 18 Early 2023"]
[White "Chitlange Sakshi"]
[Black "Papasimakopoulos, Alexandros"]
[WhiteFideId "35002899"]
[BlackFideId "4244125"]
[WhiteElo "2413"]
[BlackElo "2732"]
[Result "0-1"]
[Round "1"]
[TimeControl "180+2"]
[Date "2023.07.18"]
[WhiteClock "0:00:22"]
[BlackClock "0:00:45"]
[Board "83"]

1. d4 Nf6 2. Bf4 e6 3. e3 c5 4. Nd2 d5 5. Ngf3 Qb6 6. Rb1 Be7 7. c3 Bd7 8. a4 cxd4 9. exd4 O-O 10. Bd3 Nc6 11. O-O Rac8 12. Re1 Rfd8 13. Ne5 Be8 14. Qf3 Na5 15. Bc2 Nc4 16. b3 Nxd2 17. Bxd2 Nd7 18. Qh5 Nf8 19. Qh3 f6 20. Nd3 Bg6 21. Rbc1 Ba3 22. Rcd1 Bb2 23. Nxb2 Bxc2 24. Rc1 Qxb3 25. Nd3 Bxd3 26. Qxd3 Qxa4 27. Ra1 Qc4 28. Qxc4 Rxc4 29. Rxa7 Rd7 30. Rb1 Rcc7 31. Kf1 Ng6 32. Ke2 Kf7 33. Kd3 e5 34. f3 Ke6 35. Rb6+ Kf7 36. Ra8 Re7 37. Rd6 e4+ 38. fxe4 dxe4+ 39. Ke2 Nh4 40. g3 Nf3 41. Rdd8 Nxd2 42. Kxd2 e3+ 43. Ke2 Rxc3 44. Rf8+ Kg6 45. Rfe8 Rc2+ 46. Ke1 Rd7 47. Rxe3 Rxh2 48. Ra4 b5 49. Rb4 Ra7 50. Rb1 Raa2 51. Kd1 Rad2+ 52. Kc1 Rdg2 53. Re1 Rc2+ 0-1


[Site "https://www.chess.com"]

[Event "Titled Tuesday Blitz July 18 Early 2023"]
[White "Dehtiarov, Roman"]
[Black "Garsky, Vladyslav"]
[WhiteFideId "14186640"]
[BlackFideId "34100270"]
[WhiteElo "2728"]
[BlackElo "2411"]
[Result "1-0"]
[Round "1"]
[TimeControl "180+2"]
[Date "2023.07.18"]
[WhiteClock "0:01:43"]
[BlackClock "0:01:27"]
[Board "84"]

1. c4 Nf6 2. Nc3 g6 3. g3 Bg7 4. Bg2 O-O 5. e4 d6 6. Nge2 Nbd7 7. O-O c5 8. d3 a6 9. h3 Rb8 10. a4 Ne5 11. Be3 Bd7 12. f4 Nc6 13. g4 e5 14. f5 Ne8 15. Qd2 Nd4 16. Bh6 Qh4 17. Bg5 Nb3 18. Qe3 Bh6 19. Bxh6 1-0


[Site "https://www.chess.com"]

[Event "Titled Tuesday Blitz July 18 Early 2023"]
[White "Romero Ruscalleda, Josep"]
[Black "Suyarov, Mukhammadzokhid"]
[WhiteFideId "2231859"]
[BlackFideId "14210495"]
[WhiteElo "2410"]
[BlackElo "2726"]
[Result "0-1"]
[Round "1"]
[TimeControl "180+2"]
[Date "2023.07.18"]
[WhiteClock "0:00:55"]
[BlackClock "0:02:29"]
[Board "85"]

1. e4 e6 2. d4 d5 3. e5 c5 4. c3 Nc6 5. Be3 Qb6 6. Qd2 Nh6 7. Nf3 Nf5 8. Bd3 Nxe3 9. fxe3 Be7 10. O-O Bd7 11. Kh1 O-O-O 12. Qc2 Rdf8 13. Nbd2 Kb8 14. dxc5 Qxc5 15. Rae1 g5 16. Nb3 Qb6 17. Nbd4 g4 18. Nxc6+ bxc6 19. Ng1 f5 20. exf6 Rxf6 21. e4 Rhf8 22. e5 Rf2 23. Rxf2 Rxf2 24. Re2 Rf1 25. Re3 Rxg1+ 26. Kxg1 Qxe3+ 27. Kf1 Bc5 28. Bxh7 Qg1+ 29. Ke2 Qxg2+ 30. Ke1 Qh1+ 0-1


[Site "https://www.chess.com"]

[Event "Titled Tuesday Blitz July 18 Early 2023"]
[White "Xu, Yi"]
[Black "Bueno, Alfeu Junior Varela"]
[WhiteFideId "8605564"]
[BlackFideId "2108879"]
[WhiteElo "2725"]
[BlackElo "2408"]
[Result "1-0"]
[Round "1"]
[TimeControl "180+2"]
[Date "2023.07.18"]
[WhiteClock "0:01:46"]
[BlackClock "0:00:00"]
[Board "86"]

1. e4 e6 2. d4 d5 3. e5 c5 4. c3 Nc6 5. Nf3 Bd7 6. Be2 Nge7 7. O-O Nf5 8. Bd3 Nh4 9. Nxh4 Qxh4 10. Be3 Rc8 11. Nd2 Be7 12. a3 f6 13. Nf3 Qh5 14. exf6 gxf6 15. dxc5 Rg8 16. b4 e5 17. Be2 Bh3 18. Ng5 Qh4 19. Nxh3 Qxh3 20. Qxd5 Rg7 21. Kh1 Qh4 22. Rad1 Kf8 23. Qe6 Re8 24. Rd7 e4 25. g3 1-0


[Site "https://www.chess.com"]

[Event "Titled Tuesday Blitz July 18 Early 2023"]
[White "Goswami, Vedant"]
[Black "Vaibhav, Suri"]
[WhiteFideId "5003725"]
[BlackFideId "5045185"]
[WhiteElo "2408"]
[BlackElo "2725"]
[Result "0-1"]
[Round "1"]
[TimeControl "180+2"]
[Date "2023.07.18"]
[WhiteClock "0:00:31"]
[BlackClock "0:01:51"]
[Board "87"]

1. d4 Nf6 2. Nf3 g6 3. b3 c5 4. dxc5 Qa5+ 5. Bd2 Qxc5 6. Nc3 Bg7 7. e3 O-O 8. Bd3 d5 9. O-O Nc6 10. Na4 Qd6 11. Rc1 Bg4 12. h3 Bxf3 13. Qxf3 Rac8 14. Rfd1 Qa3 15. c4 Ne5 16. Qe2 dxc4 17. Bxc4 Nxc4 18. Rxc4 Qxa2 19. Rxc8 Rxc8 20. Qb5 Rd8 21. Qe2 Ne4 0-1


[Site "https://www.chess.com"]

[Event "Titled Tuesday Blitz July 18 Early 2023"]
[White "Panesar Vedant"]
[Black "Villarreal, Agustin"]
[WhiteFideId "35033018"]
[BlackFideId "125687"]
[WhiteElo "2723"]
[BlackElo "2407"]
[Result "1-0"]
[Round "1"]
[TimeControl "180+2"]
[Date "2023.07.18"]
[WhiteClock "0:00:17"]
[BlackClock "0:00:17"]
[Board "88"]

1. d4 Nf6 2. c4 e6 3. g3 d5 4. Bg2 dxc4 5. Nf3 c5 6. O-O Nc6 7. dxc5 Qxd1 8. Rxd1 Bxc5 9. Nbd2 c3 10. bxc3 O-O 11. Nb3 Be7 12. c4 Bd7 13. Bb2 Rfc8 14. c5 Be8 15. Nfd2 Rab8 16. Rac1 b6 17. cxb6 axb6 18. Nc4 Nb4 19. a3 Ba4 20. Ncd2 Na2 21. Rxc8+ Rxc8 22. Ra1 Nc3 23. Bf3 Ncd5 24. Nd4 Nd7 25. Bxd5 exd5 26. Rc1 Rxc1+ 27. Bxc1 Nc5 28. Kg2 Bf6 29. N2f3 Ne4 30. Be3 Bd7 31. Nb3 Nc3 32. Bxb6 Nxe2 33. Nc5 Bc6 34. a4 d4 35. a5 Be7 36. a6 Bxc5 37. Bxc5 d3 38. Be3 Nc3 39. Bd2 Ne4 40. Kf1 Kf8 41. Ke1 Ke7 42. Ne5 Ba8 43. Nxd3 Nxd2 44. Kxd2 Kd6 45. Ke3 Kc6 46. Ne5+ Kb6 47. Nxf7 Kxa6 48. Ng5 h6 49. Ne6 g6 50. h4 Kb6 51. Nf8 g5 52. hxg5 hxg5 53. Ne6 g4 54. Kf4 Bf3 55. Ng5 Bd1 56. Ne4 Kc6 57. Nf6 Kd6 58. Nxg4 Ke7 59. Nh2 Kf6 60. g4 Ba4 61. Nf3 Kg7 62. Kg3 Bc6 63. Nh4 Ba8 64. f4 Bb7 65. f5 Bc8 66. Kf4 Kf6 67. g5+ Kg7 68. Nf3 Kf7 69. Ne5+ Kg7 70. f6+ Kf8 71. g6 Be6 72. Kg5 Kg8 73. Kh6 Kh8 74. f7 Bxf7 75. Nxf7+ Kg8 76. Ng5 Kh8 77. Ne4 Kg8 78. Nf6+ Kh8 79. g7# 1-0


[Site "https://www.chess.com"]

[Event "Titled Tuesday Blitz July 18 Early 2023"]
[White "favesaul"]
[Black "Smirnov, Pavel"]
[BlackFideId "4123425"]
[WhiteElo "2406"]
[BlackElo "2722"]
[Result "1/2-1/2"]
[Round "1"]
[TimeControl "180+2"]
[Date "2023.07.18"]
[WhiteClock "0:00:04"]
[BlackClock "0:00:05"]
[Board "89"]

1. e4 e5 2. Nf3 Nc6 3. Bb5 a6 4. Ba4 Nf6 5. O-O Be7 6. Re1 b5 7. Bb3 O-O 8. a4 b4 9. c3 d6 10. h3 Rb8 11. a5 Rb5 12. d4 bxc3 13. Nxc3 Rxa5 14. Rxa5 Nxa5 15. dxe5 dxe5 16. Nxe5 Qxd1 17. Bxd1 Bb7 18. Bc2 Rd8 19. Bf4 Nh5 20. Be3 Bd6 21. Nd3 Nc4 22. Bc1 Re8 23. e5 Nxe5 24. f4 Nf3+ 25. gxf3 Rxe1+ 26. Nxe1 Nxf4 27. Bxf4 Bxf4 28. Be4 Bc8 29. Nd3 Be3+ 30. Kg2 Kf8 31. Nd5 Bb6 32. Nxb6 cxb6 33. h4 f5 34. Bd5 Ke7 35. f4 Kd6 36. Bf3 a5 37. Kf2 b5 38. Ke3 b4 39. Kd4 Ba6 40. Nc5 Bc8 41. Nd3 Ba6 42. Ne5 a4 43. Nc4+ Ke7 44. Bd1 Bxc4 45. Kxc4 a3 46. bxa3 bxa3 47. Kb3 Kd6 48. Kxa3 Kd5 49. Kb3 Ke4 50. Kc3 Kxf4 51. Kd3 Kg3 52. h5 g5 53. hxg6 hxg6 54. Kd4 f4 55. Kd3 f3 56. Ke3 f2 57. Be2 g5 58. Bf1 g4 59. Ke2 Kf4 60. Kxf2 g3+ 61. Kg2 Kg4 62. Be2+ Kf4 63. Kg1 Ke3 64. Kg2 Kf4 65. Kg1 Ke3 66. Kg2 Kf4 1/2-1/2


[Site "https://www.chess.com"]

[Event "Titled Tuesday Blitz July 18 Early 2023"]
[White "Kushko, Dmitriy"]
[Black "Herzog2012"]
[WhiteFideId "14162261"]
[WhiteElo "2721"]
[BlackElo "2405"]
[Result "0-1"]
[Round "1"]
[TimeControl "180+2"]
[Date "2023.07.18"]
[WhiteClock "0:00:02"]
[BlackClock "0:00:03"]
[Board "90"]

1. Nf3 Nf6 2. g3 b5 3. Na3 a6 4. c4 e6 5. b3 Bb7 6. cxb5 Bxa3 7. Bxa3 axb5 8. Bb2 O-O 9. Bg2 d6 10. O-O c5 11. d3 Nbd7 12. e4 c4 13. dxc4 bxc4 14. Qxd6 cxb3 15. axb3 Rxa1 16. Rxa1 Bxe4 17. h3 Qb8 18. Qxb8 Rxb8 19. Nd2 Bxg2 20. Kxg2 h6 21. Bxf6 Nxf6 22. Kf3 Rc8 23. Rb1 Nd5 24. b4 Rb8 25. b5 Nc3 26. Rb3 Nxb5 27. Ke3 Rb7 28. Nc4 Nd6 29. Rxb7 Nxb7 30. Kd4 Kf8 31. h4 Ke7 32. Ke5 Nd6 33. Nd2 f6+ 34. Kf4 e5+ 35. Kf3 Ke6 36. h5 f5 37. g4 Kf6 38. Nf1 Kg5 39. gxf5 Nxf5 40. Ke4 Kf6 41. Nd2 Ke6 42. Nf3 Nd6+ 43. Ke3 Kf5 44. Nd2 Kg4 45. Nf3 e4 46. Nd2 Kxh5 47. Kf4 g5+ 48. Ke5 Nf7+ 49. Kxe4 Kg6 50. Nf1 Nd6+ 51. Kf3 Kf5 52. Ne3+ Kg6 53. Ng4 h5 54. Ne3 Nf5 55. Nf1 Nd4+ 56. Ke4 Nf5 57. Nd2 h4 58. Kf3 Kh5 59. Ne4 Nd4+ 60. Kg2 Kg4 61. Nf6+ Kf5 62. Nd5 Ne6 63. Ne3+ Ke4 64. Ng4 Nf4+ 65. Kf1 h3 66. Kg1 Kf3 67. Ne5+ Ke2 68. Ng4 Nd3 69. Kh2 Nxf2 70. Ne5 Ke3 71. Kg3 g4 72. Nc4+ Ke4 73. Ne5 Kf5 74. Nc4 Kg5 75. Kxf2 Kf4 76. Ne3 g3+ 77. Ke2 h2 78. Ng2+ Kg5 79. Ne1 h1=Q 80. Nf3+ Kg4 81. Ne5+ Kh3 82. Nd3 Qg2+ 83. Ke3 Qg1+ 84. Ke2 g2 85. Nf4+ Kg4 86. Nd3 Qf1+ 87. Ke3 g1=Q+ 88. Ke4 Qxd3+ 0-1


[Site "https://www.chess.com"]

[Event "Titled Tuesday Blitz July 18 Early 2023"]
[White "Mazurkiewicz, Michal"]
[Black "Fiorito, Joaquin"]
[WhiteFideId "1124943"]
[BlackFideId "180173"]
[WhiteElo "2405"]
[BlackElo "2721"]
[Result "0-1"]
[Round "1"]
[TimeControl "180+2"]
[Date "2023.07.18"]
[WhiteClock "0:00:00"]
[BlackClock "0:00:56"]
[Board "91"]

1. e4 c5 2. Nf3 d6 3. g3 Nf6 4. d3 g6 5. Bg2 Bg7 6. O-O O-O 7. Re1 Nc6 8. e5 dxe5 9. Nxe5 Nxe5 10. Rxe5 Nd7 11. Re1 e6 12. Nd2 Qc7 13. Nc4 Rb8 14. Qe2 Re8 15. a4 b6 16. c3 Ba6 17. Bd2 Rbd8 18. a5 b5 19. Ne3 Ne5 20. d4 cxd4 21. cxd4 Rxd4 22. Bc3 Rdd8 23. Nc2 Nd3 24. Bxg7 Kxg7 25. Red1 b4 26. Qe3 b3 27. Nd4 Nxb2 28. Nc6 Rxd1+ 29. Rxd1 Nxd1 30. Qd4+ e5 31. Qxd1 Bb7 32. Nb4 Bxg2 33. Kxg2 Qb7+ 34. Nd5 Rd8 0-1


[Site "https://www.chess.com"]

[Event "Titled Tuesday Blitz July 18 Early 2023"]
[White "Stoyanov, Tsvetan"]
[Black "Gabdushev, Ruslan"]
[WhiteFideId "2917173"]
[BlackFideId "4137833"]
[WhiteElo "2719"]
[BlackElo "2404"]
[Result "1-0"]
[Round "1"]
[TimeControl "180+2"]
[Date "2023.07.18"]
[WhiteClock "0:00:07"]
[BlackClock "0:00:00"]
[Board "92"]

1. e4 Nc6 2. Bc4 e6 3. Nc3 Nf6 4. Nf3 d5 5. exd5 exd5 6. Bb5 Be7 7. O-O O-O 8. Bxc6 bxc6 9. Ne5 Bd7 10. d4 h6 11. Bf4 Bd6 12. Re1 Rb8 13. Rb1 a5 14. Qf3 Re8 15. h3 Rb4 16. Ne2 c5 17. Nd3 Rc4 18. dxc5 Bxf4 19. Nexf4 Rxc2 20. Rxe8+ Bxe8 21. Re1 Bb5 22. Qd1 Rc4 23. Qd2 c6 24. b3 Rd4 25. Qc3 Re4 26. Rxe4 dxe4 27. Ne5 Qe7 28. a4 Bd3 29. Nfxd3 exd3 30. Nxd3 Qe2 31. Nf4 Qd1+ 32. Kh2 Ne4 33. Qe3 f5 34. f3 Nd2 35. Qe6+ Kh8 36. Qc8+ Kh7 37. Qxf5+ Kg8 38. Qe6+ Kh8 39. Ng6+ Kh7 40. Nf8+ Kh8 41. h4 Qxb3 42. Ng6+ Kh7 43. Qf5 Nf1+ 44. Kh3 Ne3 45. Qe4 Qd5 46. Qxe3 Qf5+ 47. g4 Qxg6 48. Qe4 Qxe4 49. fxe4 Kg6 50. Kg3 Kf6 51. Kf4 g5+ 52. hxg5+ hxg5+ 53. Kf3 Ke6 54. Ke2 Kf6 55. Kd3 1-0


[Site "https://www.chess.com"]

[Event "Titled Tuesday Blitz July 18 Early 2023"]
[White "Melikhov, Evgeny V."]
[Black "Leiva, Gianmarco"]
[WhiteFideId "4122046"]
[BlackFideId "3804399"]
[WhiteElo "2403"]
[BlackElo "2712"]
[Result "0-1"]
[Round "1"]
[TimeControl "180+2"]
[Date "2023.07.18"]
[WhiteClock "0:00:04"]
[BlackClock "0:00:04"]
[Board "93"]

1. d4 Nf6 2. c4 e6 3. Nc3 Bb4 4. Qc2 d5 5. cxd5 exd5 6. Bg5 h6 7. Bxf6 Qxf6 8. a3 Bxc3+ 9. Qxc3 O-O 10. e3 Bf5 11. Nf3 c6 12. Be2 Nd7 13. O-O Qe7 14. Rfc1 Nf6 15. Qc5 Qxc5 16. Rxc5 Ne4 17. Rcc1 Nd6 18. b4 g5 19. a4 a6 20. Ne5 f6 21. Nd3 h5 22. Nc5 h4 23. g4 hxg3 24. hxg3 g4 25. Kg2 Kg7 26. Rh1 Rh8 27. Bd3 Rxh1 28. Rxh1 Bxd3 29. Nxd3 a5 30. b5 cxb5 31. axb5 Nxb5 32. Rb1 Nd6 33. Rb6 Ra6 34. Rxa6 bxa6 35. Nc5 Kf7 36. f3 f5 37. Kf2 Ke7 38. fxg4 fxg4 39. Ke2 Nf5 40. Kf2 Kd6 41. Nxa6 a4 42. Nb4 a3 43. Na2 Kc6 44. Nc3 Nd6 45. Ke2 Ne4 46. Na2 Kb5 47. Kd3 Ka4 48. Nc3+ Kb3 49. Ne2 a2 50. Nc1+ Kb2 51. Nxa2 Kxa2 52. Kc2 Ka3 0-1


[Site "https://www.chess.com"]

[Event "Titled Tuesday Blitz July 18 Early 2023"]
[White "Amilal Munkhdalai"]
[Black "Bazilius, Augustinas"]
[WhiteFideId "4903250"]
[BlackFideId "12832251"]
[WhiteElo "2708"]
[BlackElo "2402"]
[Result "1-0"]
[Round "1"]
[TimeControl "180+2"]
[Date "2023.07.18"]
[WhiteClock "0:02:04"]
[BlackClock "0:01:38"]
[Board "94"]

1. e4 c5 2. Nf3 a6 3. d4 cxd4 4. Nxd4 Nf6 5. Nc3 e5 6. Nf3 Bb4 7. Bd3 d5 8. Qe2 dxe4 9. Bxe4 Nxe4 10. Qxe4 Bxc3+ 11. bxc3 O-O 12. Ng5 f5 13. Qc4+ Kh8 14. Nf7+ Rxf7 15. Qxf7 Nc6 16. O-O Bd7 17. Rd1 Be6 18. Rxd8+ Rxd8 19. Qh5 Bf7 1-0


[Site "https://www.chess.com"]

[Event "Titled Tuesday Blitz July 18 Early 2023"]
[White "KorolDimitriy75"]
[Black "Liyanage, Ranindu Dilshan"]
[BlackFideId "9915834"]
[WhiteElo "2401"]
[BlackElo "2707"]
[Result "1-0"]
[Round "1"]
[TimeControl "180+2"]
[Date "2023.07.18"]
[WhiteClock "0:00:24"]
[BlackClock "0:00:18"]
[Board "95"]

1. d4 d5 2. c4 e6 3. Nc3 Nf6 4. Bg5 Bb4 5. cxd5 exd5 6. Qc2 h6 7. Bxf6 Qxf6 8. a3 Bxc3+ 9. Qxc3 O-O 10. e3 Bf5 11. Ne2 Nd7 12. Ng3 Bg6 13. Be2 c5 14. Rd1 Rac8 15. O-O Nb6 16. Bf3 c4 17. e4 dxe4 18. Nxe4 Bxe4 19. Bxe4 Rc7 20. Rfe1 Rd8 21. Qa5 a6 22. Qe5 Qxe5 23. dxe5 Rxd1 24. Rxd1 Nd7 25. f4 b5 26. Rd6 a5 27. Bc6 b4 28. axb4 axb4 29. Bxd7 c3 30. bxc3 bxc3 31. Bf5 c2 32. Rd8# 1-0


[Site "https://www.chess.com"]

[Event "Titled Tuesday Blitz July 18 Early 2023"]
[White "Hilary46"]
[Black "Hoffmann, Asa"]
[BlackFideId "2001470"]
[WhiteElo "2706"]
[BlackElo "2397"]
[Result "1-0"]
[Round "1"]
[TimeControl "180+2"]
[Date "2023.07.18"]
[WhiteClock "0:00:37"]
[BlackClock "0:00:09"]
[Board "96"]

1. e4 d6 2. d4 Nf6 3. Nc3 c6 4. f4 Qa5 5. Bd3 e5 6. Nf3 exd4 7. Nxd4 Qb6 8. Nb3 a5 9. a4 Na6 10. Qe2 Nb4 11. Be3 Nxd3+ 12. Qxd3 Qa6 13. Qxa6 Rxa6 14. O-O Be7 15. Rad1 O-O 16. f5 Ng4 17. Bf4 Ne5 18. Nd2 g6 19. Bxe5 dxe5 20. Nc4 Bc5+ 21. Kh1 Bd4 22. Ne2 b5 23. Nxd4 bxc4 24. Nf3 f6 25. fxg6 hxg6 26. Rd6 Rb6 27. Nd2 Rxb2 28. Nxc4 Rxc2 29. Nxa5 c5 30. h3 Kg7 31. Nc6 c4 32. Ne7 Bb7 33. Rd7 Bxe4 34. Nf5+ Kh8 35. Nh4 g5 36. Re1 Bd3 37. Nf3 Rb8 38. a5 Rbb2 39. Nxe5 fxe5 40. Rxe5 Rxg2 41. Re8# 1-0


[Site "https://www.chess.com"]

[Event "Titled Tuesday Blitz July 18 Early 2023"]
[White "Rodriguez Santiago, Jaime"]
[Black "Matinian, Nikita"]
[WhiteFideId "3100898"]
[BlackFideId "24129100"]
[WhiteElo "2393"]
[BlackElo "2705"]
[Result "0-1"]
[Round "1"]
[TimeControl "180+2"]
[Date "2023.07.18"]
[WhiteClock "0:00:09"]
[BlackClock "0:01:10"]
[Board "97"]

1. c4 e5 2. Nc3 Nf6 3. g3 Bb4 4. Bg2 O-O 5. e4 Bxc3 6. dxc3 d6 7. Ne2 a5 8. b3 Na6 9. a4 Nc5 10. f3 h6 11. Be3 b6 12. O-O Be6 13. Qc2 Qe8 14. Rfd1 Qc6 15. g4 Qe8 16. h4 Nfd7 17. Ng3 Qe7 18. g5 hxg5 19. hxg5 f6 20. gxf6 Nxf6 21. Bg5 Qe8 22. b4 Ncd7 23. Qf2 Qg6 24. Be3 axb4 25. cxb4 Ng4 0-1


[Site "https://www.chess.com"]

[Event "Titled Tuesday Blitz July 18 Early 2023"]
[White "Atakhan, Abtin"]
[Black "Yirik, Volkan"]
[WhiteFideId "22502203"]
[BlackFideId "6300782"]
[WhiteElo "2705"]
[BlackElo "2393"]
[Result "1-0"]
[Round "1"]
[TimeControl "180+2"]
[Date "2023.07.18"]
[WhiteClock "0:01:20"]
[BlackClock "0:02:03"]
[Board "98"]

1. d4 Nf6 2. c4 c5 3. d5 b5 4. cxb5 a6 5. bxa6 Bxa6 6. Nc3 d6 7. Nf3 g6 8. e4 Bxf1 9. Kxf1 Bg7 10. g3 O-O 11. Kg2 Nbd7 12. a4 Qa5 13. Qc2 Rfb8 14. Ra3 Ng4 15. Bg5 Kf8 16. h3 Nge5 17. Nd2 Qa6 18. Nb5 f6 19. Be3 Rb7 20. f4 Nf7 21. Nc4 Nb6 22. Nxb6 Qxb6 23. h4 h5 24. Rf1 Nh6 25. Qc4 Ng4 26. Bg1 Qa5 27. Rd1 Qb4 28. Qxb4 cxb4 29. Raa1 f5 30. exf5 gxf5 31. Bd4 Bxd4 32. Nxd4 Rc7 33. Ne6+ 1-0


[Site "https://www.chess.com"]